 Dungeon Crawl Stone Soup version 0.24.0-13-gcf9b3192b9 (webtiles) character file.

Game seed: 4697657503919320365, levelgen mode: deterministic

194668 hairmachine the Warrior (level 18, -3/171 HPs)
             Began as a Merfolk Gladiator on Nov 4, 2019.
             Was the Champion of Zin.
             Slain by an Ice Fiend (17 damage)
             ... in an ice cave on Nov 6, 2019.
             The game lasted 01:49:00 (42285 turns).

hairmachine the Warrior (Merfolk Gladiator)        Turns: 42285, Time: 01:49:01

Health: -3/171     AC: 20    Str: 22    XL:     18   Next: 31%
Magic:  30/30      EV: 28    Int: 12    God:    Zin [******]
Gold:   1271       SH:  0    Dex: 16    Spells: 27/33 levels left

rFire    . . .     SeeInvis .   N - +8 halberd
rCold    + . .     Gourm    .   (shield currently unavailable)
rNeg     . . .     Faith    .   K - +2 ring mail {rPois}
rPois    +         Spirit   .   v - +1 helmet
rElec    .         Reflect  .   i - +0 cloak
rCorr    .         Harm     .   V - +1 pair of gloves
MR       +....                  (boots currently unavailable)
Stlth    ++........             B - amulet of Vitality {Regen+ HP+15}
HPRegen  0.78/turn              Q - ring of protection from cold
MPRegen  0.22/turn              y - +5 ring of protection

@: mighty, very quick
A: change form in water, swift swim, stealthy swim
}: 1/15 runes: barnacled
a: Recite, Vitalisation, Imprison, Sanctuary, Donate Gold, Renounce Religion


You were in an ice cave.
You worshipped Zin.
Zin was exalted by your worship.
You were not hungry.

You visited 5 branches of the dungeon, and saw 31 of its levels.
You also visited: Ice Cave.

You collected 2955 gold pieces.
You spent 1466 gold pieces at shops.
You donated 218 gold pieces to Zin.

Inventory:

Hand Weapons
 a - a +0 trident
 L - a +5 trident of freezing
 N - a +8 halberd (weapon)
Missiles
 d - 5 throwing nets
 g - 7 atropa-tipped darts
 m - 111 poisoned darts (quivered)
 x - 40 silver javelins
Armour
 c - the cursed +0 pair of boots of Youthful Indiscretion (melded) {Int+3 SInv}
   (You bought it in a shop on level 2 of the Orcish Mines)

   It affects your intelligence (+3).
   It lets you see invisible.
   It has a curse placed upon it.
 i - a +0 cloak (worn)
 n - +4 pearl dragon scales
 v - a +1 helmet (worn)
 K - a +2 ring mail of poison resistance (worn)
 V - a +1 pair of gloves (worn)
Jewellery
 l - a +3 ring of slaying
 r - an uncursed ring of wizardry
 y - a +5 ring of protection (right hand)
 z - an uncursed ring of ice
 B - the amulet of Vitality (around neck) {Regen+ HP+15}
   (You bought it in a shop on level 2 of the Orcish Mines)

   [amulet of regeneration]

   It affects your health (+15).
   It increases your rate of regeneration.
 D - an uncursed ring of protection from magic
 G - a +2 ring of slaying
 Q - a ring of protection from cold (left hand)
 X - an uncursed ring of resist corrosion
Wands
 j - a wand of enslavement (22)
 u - a wand of paralysis (15)
 E - a wand of iceblast (20)
 M - a wand of disintegration (11)
 O - a wand of digging (5)
 P - a wand of flame (63)
 W - a wand of acid (17)
Scrolls
 b - 4 scrolls of identify
 e - 14 scrolls of teleportation
 h - 5 scrolls of fear
 k - 4 scrolls of magic mapping
 p - 5 scrolls of fog
 q - a scroll of enchant armour
 I - 4 scrolls of amnesia
 J - 6 scrolls of blinking
 S - 12 scrolls of remove curse
Potions
 o - 4 potions of mutation
 s - 7 potions of curing
 t - 2 potions of resistance
 w - 2 potions of haste
 C - 3 potions of brilliance
 F - a potion of flight {unknown}
 H - 3 potions of might
 R - 2 potions of agility
 T - 3 potions of invisibility
 U - 7 potions of ambrosia
 Y - a potion of cancellation
 Z - a potion of berserk rage
Comestibles
 f - 43 rations


   Skills:
 + Level 17.8 Fighting
 - Level 16.1 Polearms
 - Level 2.0 Throwing
 + Level 10.8 Armour
 + Level 16.3 Dodging
 - Level 8.0 Spellcasting
 + Level 5.6 Hexes
 - Level 10.0 Summonings
 - Level 10.0 Invocations
 - Level 5.0 Evocations


You had 27 spell levels left.
You knew the following spells:

 Your Spells              Type           Power        Failure   Level  Hunger
a - Summon Butterflies    Summ           ####....     1%          1    None
b - Summon Mana Viper     Hex/Summ       ###.....     24%         5    ######.

Your spell library contained the following spells:

 Spells                   Type           Power        Failure   Level  Hunger
 Summon Small Mammal      Summ           ####         1%          1    None
 Call Imp                 Summ           ####....     1%          2    #......
 Call Canine Familiar     Summ           ####....     1%          3    ##.....
 Summon Guardian Golem    Hex/Summ       ###.....     2%          3    ##.....
 Dazzling Spray           Conj/Hex       ##....       21%         3    ##.....
 Freeze                   Ice            #...         22%         1    None
 Magic Dart               Conj           #...         22%         1    None
 Sting                    Conj/Pois      #...         22%         1    None
 Summon Ice Beast         Ice/Summ       ###.....     26%         4    ####...
 Summon Lightning Spire   Summ/Air       ###.....     26%         4    ####...
 Corpse Rot               Necr           N/A          32%         2    #......
 Poisonous Vapours        Pois/Air       #.....       32%         2    #......
 Searing Ray              Conj           #.....       32%         2    #......
 Sublimation of Blood     Necr           #.........   32%         2    #......
 Throw Frost              Conj/Ice       #.....       32%         2    #......
 Ozocubu's Armour         Chrm/Ice       #.......     54%         3    ##.....
 Spider Form              Tmut/Pois      #.........   54%         3    ##.....
 Fulminant Prism          Conj/Hex       ##........   54%         4    ####...
 Leda's Liquefaction      Hex/Erth       ##........   54%         4    ####...
 Silence                  Hex/Air        ##........   88%         5    ######.
 Force Lance              Conj/Tloc      #.......     91%         4    ####...
 Iskenderun's Mystic Bla  Conj           #.......     91%         4    ####...
 Throw Icicle             Conj/Ice       #.......     91%         4    ####...
 Summon Hydra             Summ           ####......   96%         7    #######
 Agony                    Necr           #.......     99%         5    ######.
 Bolt of Draining         Conj/Necr      #.........   99%         5    ######.
 Dispel Undead            Necr           #.......     99%         5    ######.
 Excruciating Wounds      Chrm/Necr      #.........   99%         5    ######.
 Bolt of Cold             Conj/Ice       #.........   100%        6    #######
 Conjure Ball Lightning   Conj/Air       #.........   100%        6    #######
 Shatter                  Erth           #.........   100%        9    #######


Dungeon Overview and Level Annotations

Branches:
Dungeon (15/15)            Temple (0/1) D:5            Lair (6/6) D:11
 Shoals (4/4) Lair:3       Spider (4/4) Lair:2        Slime (0/5) Lair:6
    Orc (2/2) D:11            Elf (0/3) Orc:2        Vaults (0/5) D:14
 Depths (0/5) D:15          IceCv (1/1)

Altars:
Cheibriados
Dithmenos
Elyvilon
Fedhas
Gozag
Makhleb
Nemelex Xobeh
Okawaru
Sif Muna
Vehumet
Xom
Yredelemnul
Zin
The Shining One
Beogh
Jiyva

Shops:
D:13 ==   Orc:2 [[!=

Portals:
Hell: Lair:6

Annotations:
Lair:2 1 runed translucent door, Weugil's ghost, journeyman HaBe
Lair:3 1 runed translucent door, Yjeari's ghost, journeyman GrMo
Spider:2 1 runed translucent door, Rod Caur's ghost, adept HOFi


Message History

A four-headed hydra simulacrum comes into view.
The Ice Fiend misses you. The Ice Fiend claws you. The Ice Fiend freezes you!
You resist.
* * * LOW HITPOINT WARNING * * *
You feel much better. The Ice Fiend barely misses you. The Ice Fiend claws you!
The Ice Fiend freezes you!! You resist.
* * * LOW HITPOINT WARNING * * *
You feel much better.
The Ice Fiend calls on the powers of darkness!
Your body is wracked with pain!
* * * LOW HITPOINT WARNING * * *
You impale the Ice Fiend!!
The Ice Fiend is almost dead.
You closely miss the Ice Fiend.
The Ice Fiend is almost dead.
The Ice Fiend claws you but does no damage.
The Ice Fiend claws you!
* * * LOW HITPOINT WARNING * * *
The Ice Fiend freezes you! You resist.
You die...

## ######### 4Z.##
###≈.#....# #..##≈≈##.#..#
######≈≈≈####..##
####≈≈≈#≈5≈####...#
#.[##≈≈≈≈≈≈≈##..### .#
#.#4##≈≈≈Z≈≈≈##..######
#..#.#.≈≈≈≈≈≈≈≈≈≈###..##§.≈
#..##.#1@≈≈≈≈≈≈#..###°°°⌠
###...##≈≈≈≈≈≈##...##.§)§
###..###≈≈≈##..########
##..##≈≈≈####.###≈≈≈#
#.Z####≈≈≈≈ ##..#≈≈≈#
#4Z.## ≈≈≈≈≈##...####.
#1Z.4# ≈≈≈≈≈≈###...##.
...Z.# ≈≈≈≈ ###...# ...ZZ
#####


You could see an Ice Fiend, an ice devil, a four-headed hydra simulacrum and an
ufetubus.

Vanquished Creatures
  Jorgrun (Spider:1)
  Ilsuiw (Shoals:3)
  A frost giant (D:15)
  An orc warlord (Orc:2)
  Aizul (Shoals:2)
  3 emperor scorpions
  2 entropy weavers
  Azrael (Spider:1)
  A dire elephant (Lair:5)
  2 merfolk javelineers (Shoals:3)
  5 merfolk impalers (Shoals:4)
  Erolcha (D:13)
  9 hydras
  4 vault guards
  A centaur warrior (D:15)
  5 merfolk aquamancers
  An alligator snapping turtle (Shoals:2)
  A merfolk avatar (Shoals:4)
  5 two-headed ogres
  2 satyrs (Shoals:4)
  8 death yaks
  Urug (Lair:6)
  5 orc high priests (Orc:2)
  5 skeletal warriors (D:12)
  A sixfirhy (Lair:6)
  14 sea snakes
  5 unseen horrors
  A kraken simulacrum (Shoals:4)
  6 orc knights
  A wizard (Lair:6)
  A lindwurm (Lair:6)
  Pikel (D:8)
  6 harpies
  3 deep elf magi
  9 fauns
  11 cyclopes
  9 manticores
  12 orb spiders
  5 orc sorcerers
  8 ugly things
  3 slime creatures (D:15)
  17 wolf spiders
  4 centaur zombies
  13 merfolk sirens
  5 elephants (Lair:6)
  A moth of wrath (Spider:1)
  6 black mambas
  3 water nymphs
  An ice statue (IceCv)
  A torpor snail (Lair:4)
  Joseph (D:7)
  4 molten gargoyles (D:11)
  16 spiny frogs
  2 gargoyles
  An orange demon (Lair:6)
  3 rime drakes (Lair:6)
  An efreet (D:15)
  4 komodo dragons
  5 ice devils
  4 anaconda simulacra (IceCv)
  A freezing wraith (D:14)
  A golden dragon simulacrum (IceCv)
  4 yaktaurs (D:15)
  8 demonic crawlers
  8 trolls
  2 harpy zombies (Shoals:4)
  A hellwing (Lair:6)
  22 merfolk
  22 jumping spiders
  A red devil (Lair:6)
  3 wind drakes
  Grinder (D:5)
  A jumping spider (shapeshifter) (D:14)
  9 hornets
  A polar bear (Lair:3)
  9 hippogriffs
  Prince Ribbit (D:9)
  9 snapping turtles
  18 blink frogs
  16 dream sheep
  41 redbacks
  A vampire (D:10)
  2 shadows (D:13)
  Sigmund (D:5)
  48 yaks
  A wraith (D:13)
  14 tarantellas
  8 water elementals
  A basilisk (D:13)
  A human (D:11)
  Grum (D:11)
  3 hogs (D:11)
  2 fire elementals (Spider:1)
  A death yak simulacrum (IceCv)
  An acid dragon (D:11)
  4 harpy simulacra (IceCv)
  An iron troll simulacrum (IceCv)
  4 vampire mosquitoes (D:15)
  4 wargs (D:11)
  2 hydra simulacra (IceCv)
  A soldier ant (D:12)
  12 water moccasins
  14 porcupines
  7 hell hounds
  45 orc warriors
  7 sky beasts
  A black bear (D:12)
  A slave (D:8)
  2 eyes of draining
  19 ogres
  A necrophage (D:8)
  2 phantoms
  13 wolves
  11 centaurs
  11 crocodiles
  A big kobold (D:5)
  2 hippogriff zombies (Shoals:4)
  12 bullfrogs
  A wyvern zombie (D:7)
  2 gnoll sergeants
  2 water moccasin zombies (D:6)
  3 scorpions
  A wyvern skeleton (D:8)
  An elephant simulacrum (IceCv)
  3 killer bees (D:12)
  11 wights
  4 electric eels
  5 crimson imps
  A bullfrog zombie (D:8)
  4 howler monkeys
  5 draconian simulacra (IceCv)
  A quasit (D:9)
  32 orc priests
  17 orc wizards
  9 hounds
  5 jellies
  5 centaur skeletons
  8 iguanas
  A spriggan simulacrum (IceCv)
  A troll simulacrum (IceCv)
  6 worker ants
  2 polar bear simulacra (IceCv)
  A wolf simulacrum (IceCv)
  2 centaur simulacra (IceCv)
  2 hound zombies
  15 gnolls
  3 naga simulacra (IceCv)
  An ogre simulacrum (IceCv)
  13 adders
  3 shadow imps
  7 white imps (IceCv)
  4 ufetubi (IceCv)
  An ooze (D:1)
  An adder skeleton (D:5)
  An adder zombie (D:6)
  4 worms
  5 dart slugs
  3 leopard geckos
  96 orcs
  9 giant cockroaches
  8 goblins
  4 hobgoblins (D:1)
  9 jackals
  5 kobolds
  8 quokkas
  3 bats
  8 frilled lizards
  2 goblin skeletons (D:6)
  2 goblin zombies (D:6)
  A jackal skeleton (D:6)
  A kobold skeleton (D:6)
  A leopard gecko zombie (D:5)
  An orc skeleton (D:6)
  An orc zombie (D:6)
  A quokka skeleton (D:10)
  6 rats
  A spectral orc (D:9)
  A bush (Lair:6)
  A tentacle (Shoals:4)
1061 creatures vanquished.

Vanquished Creatures (collateral kills)
  A harpy (Shoals:2)
  A water nymph (Shoals:2)
  2 tarantellas (Spider:4)
  2 water elementals (Shoals:2)
6 creatures vanquished.

Vanquished Creatures (others)
  A wolf spider (Spider:2)
  A demonic crawler (Spider:3)
  A jumping spider (Spider:2)
  A redback (Spider:1)
  A tarantella (Spider:3)
  An orc warrior (Orc:1)
  A centaur (Shoals:4)
  A white imp (IceCv)
  3 ufetubi (IceCv)
  18 fungi
  12 plants
  11 tentacles (Shoals:4)
52 creatures vanquished.

Grand Total: 1119 creatures vanquished

Notes
Turn   | Place    | Note
-------+----------+-------------------------------------------
     0 | D:1      | hairmachine the Merfolk Gladiator began the quest for the
                  | Orb.
     0 | D:1      | Reached XP level 1. HP: 16/16 MP: 1/1
    82 | D:1      | Reached skill level 5 in Polearms
   105 | D:1      | Reached XP level 2. HP: 19/22 MP: 2/2
   677 | D:1      | Reached XP level 3. HP: 28/28 MP: 3/3
   857 | D:2      | Found a glowing silver altar of Zin.
   865 | D:2      | Became a worshipper of Zin the Law-Giver
   944 | D:2      | Reached * piety under Zin
  1620 | D:2      | Reached XP level 4. HP: 24/34 MP: 4/4
  1746 | D:3      | Reached ** piety under Zin
  1880 | D:3      | Reached skill level 3 in Fighting
  2336 | D:4      | Noticed an ogre
  2373 | D:3      | Killed an ogre
  2373 | D:3      | Reached XP level 5. HP: 28/42 MP: 5/5
  2535 | D:3      | Reached skill level 4 in Fighting
  2535 | D:3      | Reached XP level 6. HP: 40/48 MP: 6/6
  3266 | D:4      | Reached XP level 7. HP: 46/55 MP: 7/7
  3357 | D:4      | Reached skill level 5 in Fighting
  3357 | D:4      | Reached skill level 10 in Polearms
  3456 | D:5      | Entered Level 5 of the Dungeon
  3466 | D:5      | Found a staircase to the Ecumenical Temple.
  3468 | D:5      | Noticed Sigmund
  3502 | D:5      | Killed Sigmund
  3885 | D:5      | Found a radiant altar of Vehumet.
  4251 | D:5      | Reached XP level 8. HP: 55/64 MP: 8/8
  4370 | D:5      | Reached skill level 6 in Fighting
  4617 | D:5      | Noticed Grinder
  5174 | D:5      | Paralysed by Grinder for 7 turns
  5190 | D:5      | Paralysed by Grinder for 4 turns
  5203 | D:5      | Killed Grinder
  5571 | D:6      | Got a spiked ring mail
  5572 | D:6      | Identified the +2 ring mail "Plog" {+Blink Str+5} (You
                  | found it on level 6 of the Dungeon)
  5581 | D:6      | Got a glittering diamond amulet
  5584 | D:6      | Identified the amulet "Tumuimag" {Harm *Drain rN+ Dex+4}
                  | (You found it on level 6 of the Dungeon)
  5657 | D:6      | Reached skill level 7 in Fighting
  5668 | D:6      | Reached XP level 9. HP: 54/72 MP: 9/9
  5731 | D:6      | Reached *** piety under Zin
  6157 | D:6      | Reached **** piety under Zin
  6240 | D:6      | Found a glowing golden altar of the Shining One.
  6557 | D:7      | Identified the Tome of Nocuous Clay
  6974 | D:7      | Found a white marble altar of Elyvilon.
  7024 | D:7      | Reached ***** piety under Zin
  7029 | D:7      | Noticed Joseph
  7066 | D:7      | Killed Joseph
  7066 | D:7      | Reached skill level 8 in Fighting
  7465 | D:7      | Reached skill level 1 in Invocations
  7836 | D:8      | Reached skill level 9 in Fighting
  7868 | D:8      | Found a burning altar of Makhleb.
  7896 | D:8      | Reached skill level 1 in Armour
  7980 | D:8      | Found a shimmering blue altar of Sif Muna.
  7980 | D:8      | Found an iron altar of Okawaru.
  7980 | D:8      | Found a shadowy altar of Dithmenos.
  7980 | D:8      | Found a snail-covered altar of Cheibriados.
  7981 | D:8      | Found a sparkling altar of Nemelex Xobeh.
  7981 | D:8      | Found an opulent altar of Gozag.
  7998 | D:8      | Noticed Pikel
  8044 | D:8      | Killed Pikel
  8044 | D:8      | Reached skill level 5 in Dodging
  8044 | D:8      | Reached XP level 10. HP: 80/83 MP: 10/12
  8636 | D:9      | Found a basalt altar of Yredelemnul.
  8805 | D:9      | Noticed Prince Ribbit
  8839 | D:9      | Killed Prince Ribbit
  9241 | D:10     | Entered Level 10 of the Dungeon
  9304 | D:10     | Killed an unseen horror
  9324 | D:10     | Reached skill level 10 in Fighting
  9769 | D:10     | Reached ****** piety under Zin
  9787 | D:10     | Reached skill level 15 in Polearms
  9787 | D:10     | Reached XP level 11. HP: 92/92 MP: 14/14
 10614 | D:11     | Reached skill level 11 in Fighting
 10735 | D:11     | Noticed a two-headed ogre
 10754 | D:11     | Killed a two-headed ogre
 10913 | D:11     | Killed an unseen horror
 11022 | D:11     | Reached skill level 12 in Fighting
 11044 | D:11     | Reached skill level 1 in Evocations
 11173 | D:11     | Found a staircase to the Lair.
 11183 | Lair:1   | Entered Level 1 of the Lair of Beasts
 11200 | Lair:1   | Noticed a four-headed hydra
 11231 | Lair:1   | Killed a four-headed hydra
 11457 | Lair:1   | Reached XP level 12. HP: 92/103 MP: 15/15
 11690 | Lair:1   | Reached skill level 10 in Dodging
 12370 | Lair:2   | Found a hole to the Spider Nest.
 12528 | Lair:2   | Found a shimmering altar of Xom.
 12528 | Lair:2   | Noticed Weugil's ghost (journeyman HaBe)
 12529 | Lair:2   | Found a runed translucent door.
 12688 | Lair:2   | Reached skill level 13 in Fighting
 12712 | Lair:2   | Reached skill level 5 in Evocations
 13302 | Lair:3   | Noticed a death yak
 13302 | Lair:3   | Noticed a death yak
 13303 | Lair:3   | Noticed a death yak
 13309 | Lair:3   | Noticed a death yak
 13320 | Lair:2   | Killed a death yak
 13528 | Lair:2   | Killed a death yak
 13625 | Lair:2   | Killed a death yak
 13692 | Lair:2   | Killed a death yak
 13867 | Lair:3   | Learned a level 1 spell: Summon Butterflies
 13998 | Lair:3   | Noticed a four-headed hydra
 14067 | Lair:2   | Killed a four-headed hydra
 14067 | Lair:2   | Reached skill level 1 in Spellcasting
 14067 | Lair:2   | Reached skill level 1 in Summonings
 14318 | Lair:3   | Found a runed translucent door.
 14319 | Lair:3   | Noticed Yjeari's ghost (journeyman GrMo)
 14403 | Lair:3   | Found a staircase to the Shoals.
 14679 | Lair:3   | Reached XP level 13. HP: 101/112 MP: 16/16
 14991 | Lair:3   | Reached skill level 14 in Fighting
 16012 | Lair:4   | Reached skill level 15 in Fighting
 17163 | Lair:5   | Reached skill level 5 in Invocations
 17476 | Lair:6   | Entered Level 6 of the Lair of Beasts
 17911 | Lair:6   | Reached XP level 14. HP: 76/123 MP: 20/20
 18286 | Lair:6   | Noticed Urug
 18299 | Lair:6   | Killed Urug
 18578 | Lair:6   | Found a staircase to the Slime Pits.
 18579 | Lair:6   | Found a viscous altar of Jiyva.
 18630 | Lair:6   | Reached skill level 5 in Armour
 18922 | Lair:6   | Noticed a dire elephant
 19025 | Lair:5   | Killed a dire elephant
 19152 | Lair:6   | Reached skill level 16 in Fighting
 19219 | Lair:6   | Found a burning altar of Makhleb.
 19760 | Lair:6   | Found a gateway to Hell.
 20014 | D:11     | Found a staircase to the Orcish Mines.
 20171 | D:11     | Noticed Grum
 20199 | D:11     | Killed Grum
 20725 | Orc:1    | Entered Level 1 of the Orcish Mines
 20819 | Orc:1    | Reached skill level 17 in Fighting
 21264 | Orc:2    | Entered Level 2 of the Orcish Mines
 22185 | Orc:2    | Found Ruim's Jewellery Emporium.
 22321 | Orc:2    | Found a roughly hewn altar of Beogh.
 22603 | Orc:2    | Bought the amulet of Vitality {Regen+ HP+15} for 869 gold
                  | pieces
 22603 | Orc:2    | Found the amulet of Vitality {Regen+ HP+15}
 22729 | Orc:2    | Reached XP level 15. HP: 134/134 MP: 21/21
 22937 | Orc:2    | Got a wavering lapis lazuli ring
 22938 | Orc:2    | Identified the ring "Qiekel" {Dex+4 Stlth-} (You found it
                  | on level 2 of the Orcish Mines)
 23044 | Orc:2    | Found a staircase to the Elven Halls.
 23195 | Orc:2    | Noticed an orc warlord
 23223 | Orc:2    | Killed an orc warlord
 23292 | Orc:2    | Found a roughly hewn altar of Beogh.
 23398 | Orc:2    | Reached skill level 10 in Invocations
 23667 | Orc:2    | Found Kyuhuf's Distillery.
 23679 | Orc:2    | Bought a potion of might for 56 gold pieces
 24069 | Orc:2    | Found Uwkim's Antique Armour Boutique.
 24099 | Orc:2    | Found Doduurupt's Antique Armour Emporium.
 24391 | Orc:2    | Bought a glowing helmet for 180 gold pieces
 24546 | Orc:2    | Bought a pair of shimmering boots for 361 gold pieces
 24556 | Orc:2    | Identified the cursed +0 pair of boots of Youthful
                  | Indiscretion {Int+3 SInv} (You bought it in a shop on level
                  | 2 of the Orcish Mines)
 25213 | D:12     | Reached skill level 5 in Spellcasting
 25770 | D:13     | Found a radiant altar of Vehumet.
 25938 | D:13     | Found a blossoming altar of Fedhas.
 26206 | D:13     | Found Roosopacha's Jewellery Shop.
 26296 | D:13     | Noticed Erolcha
 26309 | D:13     | Killed Erolcha
 26452 | D:13     | Found Juvyoklu's Jewellery Shop.
 26474 | D:13     | Reached skill level 15 in Dodging
 27323 | D:14     | Learned a level 5 spell: Summon Mana Viper
 27602 | D:14     | Found a gate to the Vaults.
 27833 | D:15     | Entered Level 15 of the Dungeon
 27962 | D:15     | Reached XP level 16. HP: 141/141 MP: 26/26
 28724 | D:15     | Reached skill level 5 in Summonings
 29105 | D:15     | Found a staircase to the Depths.
 29467 | Shoals:1 | Entered Level 1 of the Shoals
 30523 | Shoals:2 | Noticed Aizul
 31872 | Shoals:2 | Killed Aizul
 32235 | Shoals:2 | Upgraded the game from 0.24.0-10-g970556be89 to
                  | 0.24.0-13-gcf9b3192b9
 32525 | Shoals:3 | Noticed Ilsuiw
 32604 | Shoals:3 | Killed Ilsuiw
 32604 | Shoals:3 | Reached skill level 10 in Armour
 33424 | Shoals:4 | Entered Level 4 of the Shoals
 33471 | Shoals:4 | Reached XP level 17. HP: 147/147 MP: 29/29
 34387 | Shoals:4 | Identified Hil Zeu's Compendium of Flight and Combat Magic
 34975 | Shoals:4 | Reached skill level 10 in Summonings
 35162 | Shoals:4 | Reached skill level 1 in Hexes
 35648 | Shoals:4 | Got a barnacled rune of Zot
 35848 | Spider:1 | Entered Level 1 of the Spider Nest
 36825 | Spider:1 | Noticed Jorgrun
 36991 | Spider:1 | Killed Jorgrun
 37402 | Spider:1 | Noticed Azrael
 37673 | Spider:1 | Killed Azrael
 39548 | Spider:2 | Found a runed translucent door.
 39551 | Spider:2 | Noticed Rod Caur's ghost (adept HOFi)
 39553 | Spider:2 | Found the +3 pair of gauntlets of War {Slay+5}
 39918 | Spider:3 | Reached XP level 18. HP: 155/155 MP: 30/30
 40642 | Spider:3 | Reached skill level 5 in Hexes
 40732 | Spider:3 | Paralysed by a hornet for 3 turns
 41200 | Spider:4 | Entered Level 4 of the Spider Nest
 41395 | Spider:4 | Found a frozen archway.
 41418 | IceCv    | Entered an ice cave
 42252 | IceCv    | Noticed an Ice Fiend
 42285 | IceCv    | Slain by an Ice Fiend

Levels and vault maps discovered:
D:1:      grunt_arrival_lava_bath, layout_loops_ring, nrook_loot_triangle
D:2:      layout_rooms, old_standard_altar, kennysheep_decorative_pillar,
          kennysheep_generic_room_7
D:3:      layout_rooms
D:4:      layout_cave_pools
D:5:      minmay_clustersquares, layout_loops_ring, vehumet_crystals,
          minmay_temple_entry_grid, first_ration, wad_floor_pattern_1,
          uniq_sigmund, uniq_grinder
D:6:      layout_basic, nicolae_tso_besieged_by_evil, supply_closet_lemuel,
          eino_small_chamber_without_monster
D:7:      lemuel_ice_spiral_2, layout_basic, elyvilon_altar_4, uniq_joseph
D:8:      layout_basic, grunt_temple_overflow_open, uniq_pikel
D:9:      layout_roguey, yredelemnul_forgotten_temple_becter,
          uniq_prince_ribbit1
D:10:     layout_layer_cave
D:11:     layout_long_grid, erik_lair_orcish_takeover, orc_0_dummy,
          grunt_livestock, serial_bayou_pond_c, minivault_8, uniq_grum
D:12:     layout_basic
D:13:     layout_layer_cave, serial_shops, shop, basic_altar,
          minmay_shop_enchanted_jewellery, minivault_1, fedhas_altar_3,
          uniq_erolcha
D:14:     layout_cave_pods, lightli_vaults_fourway_checkpoint, enter_bailey_3,
          kennysheep_crisscross
D:15:     grunt_enter_depths_snipers, layout_stronghold,
          small_statue_intersection, minmay_misc_feat_roman
Lair:1:   layout_loops_ring
Lair:2:   layout_small_grid, dummy_spider_entry, ebering_ghost_xom,
          serial_bayou_lagoon_a, chequers_serial_rivers_room_a
Lair:3:   layout_regular_city, minmay_shoals_entry_lonely_mermaid,
          gammafunk_ghost_grave, beast_lair_carwin_3
Lair:4:   layout_concentric_octagons, beast_lair_carwin_7, lemuel_fruit_tree
Lair:5:   layout_gridlike, serial_bayou_lagoon_b, serial_bayou_shore_b
Lair:6:   evil_forest, layout_loops_ring, slime_altar_1, grunt_megastairs_3,
          uniq_urug
Shoals:1: layout_shoals
Shoals:2: layout_shoals, nicolae_shoals_seven_spires,
          nicolae_shoals_cliffside_cave, hangedman_shoals_cup_caves, uniq_aizul
Shoals:3: layout_shoals, uniq_ilsuiw
Shoals:4: shoals_end_grunt_ice, layout_shoals, nicolae_shoals_undead_eyrie
Spider:1: layout_spider_delve, uniq_azrael, uniq_jorgrun
Spider:2: layout_spider_delve, ebering_ghost_inner_flame
Spider:3: layout_spider_delve
Spider:4: grunt_spider_rune_circles, portal_ice_cave_entry_pillars_2
Orc:1:    layout_caves, sword_in_stone
Orc:2:    pubby_orc_utopia, serial_shops
IceCv:    ice_cave_caverns_02

Skill      XL: |  1  2  3  4  5  6  7  8  9 10 11 12 13 14 15 16 17 18 |
---------------+-------------------------------------------------------+-----
Polearms       | 5 6 7 8 9 11 13 14 15 16 | 16.1
Fighting       | 3 4 5 7 9 10 12 13 15 17 | 17.8
Invocations    | 2 4 5 8 10 | 10.0
Armour         | 1 3 4 5 6 10 | 10.8
Dodging        | 5 8 9 12 14 15 16 | 16.3
Evocations     | 3 5 |  5.0
Spellcasting   | 2 4 7 8 |  8.0
Summonings     | 2 3 4 7 10 | 10.0
Hexes          | 4 5 |  5.6
Throwing       | |  2.0

Action                   |  1- 3 |  4- 6 |  7- 9 | 10-12 | 13-15 | 16-18 || total
-------------------------+-------+-------+-------+-------+-------+-------++-------
Melee: Trident           |    87 |   157 |   340 |    37 |    70 |    10 ||   701
       Halberd           |       |       |       |   583 |  1554 |  1864 ||  4001
       Tailslap          |       |       |       |     5 |     1 |    62 ||    68
Throw: Dart              |     2 |    13 |    16 |     1 |     3 |    23 ||    58
       Throwing net      |       |       |       |       |     1 |     3 ||     4
 Cast: Summon Mana Viper |       |       |       |       |       |     3 ||     3
Invok: Recite            |       |     1 |       |       |     1 |       ||     2
       Vitalisation      |       |       |       |     1 |       |     1 ||     2
       Imprison          |       |       |       |       |       |     1 ||     1
       Sanctuary         |       |       |       |       |       |     3 ||     3
Evoke: Wand              |       |       |     2 |       |     8 |    17 ||    27
  Use: Potion            |     2 |       |     2 |       |     1 |    17 ||    22
       Scroll            |     1 |       |     3 |    15 |     7 |    10 ||    36
 Stab: Invisible         |     1 |     7 |     3 |       |       |     7 ||    18
       Held in net/web   |       |       |       |       |     1 |       ||     1
       Paralysed         |       |       |       |       |    11 |     4 ||    15
       Distracted        |       |       |       |       |       |     2 ||     2
  Eat: Chunk             |     2 |     6 |    11 |    18 |    15 |    24 ||    76
       Ration            |       |       |     1 |     1 |     8 |     7 ||    17
Armor: Leather armour    |     9 |       |       |       |       |       ||     9
       Chain mail        |     1 |    11 |       |       |       |       ||    12
       Ring mail         |       |    28 |    33 |       |       |   362 ||   423
       Pearl dragon scal |       |       |    44 |   207 |   470 |   434 ||  1155
Dodge: Dodged            |    31 |    88 |   111 |   264 |   846 |  1605 ||  2945
